[Event "11th Arad Open 2018"]
[Site "Arad"]
[Date "2018.08.08"]
[Round "5"]
[White "Joo, Janos"]
[Black "Tiba, Vladyslav"]
[Result "0-1"]
[ECO "B43"]
[WhiteElo "2088"]
[BlackElo "2356"]
[Annotator "NA"]
[PlyCount "108"]
[EventDate "2018.08.05"]
[EventType "swiss"]
[EventCountry "ROU"]
[SourceTitle "playchess.com"]
[Source "ChessBase"]
[SourceQuality "1"]
[TimeControl "40/5400+30:1800+30"]

1. e4 c5 2. Nf3 e6 3. d4 cxd4 4. Nxd4 a6 5. Nc3 Qc7 6. Bd3 Nf6 7. O-O d6 8. Kh1 Be7 9. Be3 b5 10. a3 Nbd7 11. f4 Bb7 12. Qf3 O-O 13. Rae1 Nc5 14. Bg1 Nfd7 15. Qh3 Bf6 16. Rf3 Rfe8 17. Ref1 g6 18. f5 Qd8 19. fxe6 fxe6 20. b4 Nxd3 21. cxd3 Qe7 22. Nde2 Rf8 23. d4 e5 24. Nd5 Bxd5 25. exd5 e4 26. Rc3 Nb6 27. Rc6 Nc4 28. a4 Nd2 29. Rfc1 Nc4 30. Nc3 e3 31. axb5 axb5 32. Qg4 Rae8 33. Ne2 Bg5 34. h3 Rf5 35. Ra1 Ref8 36. Rca6 Qf7 37. Ng3 h5 38. Qe2 Rxd5 39. Ra7 Qe8 40. Qd3 Qe6 41. Rb7 Rf7 42. Ra8+ Kh7 43. Rbb8 Bf6 44. Ne4 Rf5 45. Bxe3 Bg7 46. Bg1 d5 47. Ng3 Rg5 48. Re8 Qd6 49. Ne2 Qxb4 50. Ra6 Nd6 51. Re6 Ne4 52. Be3 Qe1+ 53. Kh2 Nf2 54. Bxf2 Qxf2 0-1

[Event "11th Arad Open 2018"]
[Site "Arad"]
[Date "2018.08.08"]
[Round "5"]
[White "Bai, Adelard"]
[Black "Trifan, Andrei Ioan"]
[Result "1/2-1/2"]
[ECO "A50"]
[WhiteElo "2071"]
[BlackElo "2308"]
[Annotator "NA"]
[PlyCount "65"]
[EventDate "2018.08.05"]
[EventType "swiss"]
[EventCountry "ROU"]
[SourceTitle "playchess.com"]
[Source "ChessBase"]
[SourceQuality "1"]
[TimeControl "40/5400+30:1800+30"]

1. d4 Nf6 2. c4 g6 3. f3 c5 4. d5 d6 5. Nc3 Bg7 6. e4 O-O 7. Be3 Na6 8. Qd2 Nc7 9. Nge2 Rb8 10. Ng3 b5 11. cxb5 a6 12. bxa6 Bxa6 13. Bxa6 Nxa6 14. O-O Nd7 15. Rac1 Qa5 16. Kh1 Ne5 17. b3 Rfc8 18. Bh6 c4 19. Bxg7 Kxg7 20. bxc4 Rxc4 21. f4 Nd7 22. Nb1 Qxd2 23. Nxd2 Rxc1 24. Rxc1 Rb2 25. Nc4 Rxa2 26. e5 dxe5 27. fxe5 Nb4 28. d6 exd6 29. exd6 Nd3 30. Rf1 f5 31. h3 Ra4 32. Nd2 Rd4 33. Rxf5 1/2-1/2

[Event "11th Arad Open 2018"]
[Site "Arad"]
[Date "2018.08.08"]
[Round "5"]
[White "Craciun, Alexandru-Emilian"]
[Black "Yordanov, Lachezar"]
[Result "0-1"]
[ECO "B50"]
[WhiteElo "2069"]
[BlackElo "2314"]
[Annotator "NA"]
[PlyCount "98"]
[EventDate "2018.08.05"]
[EventType "swiss"]
[EventCountry "ROU"]
[SourceTitle "playchess.com"]
[Source "ChessBase"]
[SourceQuality "1"]
[TimeControl "40/5400+30:1800+30"]

1. e4 c5 2. Nf3 d6 3. d3 Nc6 4. g3 g6 5. Bg2 Bg7 6. O-O e6 7. c3 Nge7 8. d4 cxd4 9. cxd4 O-O 10. Nc3 b6 11. Be3 Ba6 12. Re1 Rc8 13. Qd2 e5 14. d5 Nb8 15. Bf1 Bxf1 16. Rxf1 Qd7 17. Kh1 Na6 18. Rfc1 Nc5 19. b4 Na4 20. a3 Nxc3 21. Rxc3 Qg4 22. Ng5 h6 23. Rxc8 Nxc8 24. h3 Qd7 25. Nf3 Qxh3+ 26. Kg1 Qg4 27. Kg2 g5 28. Qc2 Ne7 29. Nh2 Qd7 30. Rc1 Rc8 31. Qd2 f5 32. f3 f4 33. gxf4 exf4 34. Rxc8+ Qxc8 35. Bd4 Ng6 36. Bxg7 Kxg7 37. Ng4 h5 38. Qb2+ Kh7 39. Nh2 Ne5 40. Qd2 Qc4 41. a4 Kg6 42. a5 Nd3 43. axb6 axb6 44. Qe2 b5 45. Qd2 Nxb4 46. e5 Qc2 47. Qxc2+ Nxc2 48. exd6 Kf7 49. Kf2 Ne3 0-1

[Event "11th Arad Open 2018"]
[Site "Arad"]
[Date "2018.08.08"]
[Round "5"]
[White "Marin, Irina-Luiza"]
[Black "Nastase, Robert-Paul"]
[Result "0-1"]
[ECO "A20"]
[WhiteElo "2056"]
[BlackElo "2299"]
[Annotator "NA"]
[PlyCount "62"]
[EventDate "2018.08.05"]
[EventType "swiss"]
[EventCountry "ROU"]
[SourceTitle "playchess.com"]
[Source "ChessBase"]
[SourceQuality "1"]
[TimeControl "40/5400+30:1800+30"]

1. c4 e5 2. g3 c6 3. d4 e4 4. Bg2 Nf6 5. Nc3 d5 6. cxd5 cxd5 7. Bg5 Bb4 8. Rc1 O-O 9. Nh3 h6 10. Bxf6 Qxf6 11. Nf4 Rd8 12. O-O Bxc3 13. Rxc3 Nc6 14. e3 g5 15. Nh5 Qg6 16. g4 f5 17. h3 Rf8 18. f3 Be6 19. Rc2 exf3 20. Bxf3 fxg4 21. hxg4 Rf7 22. Rcf2 Raf8 23. Qb3 Na5 24. Qb5 Nc4 25. Bxd5 Rxf2 26. Rxf2 Qb1+ 27. Kg2 Nxe3+ 28. Kh3 Nxd5 29. Rxf8+ Kxf8 30. Qe2 Qh1+ 31. Kg3 Qh4+ 0-1

[Event "11th Arad Open 2018"]
[Site "Arad"]
[Date "2018.08.08"]
[Round "5"]
[White "Solcanean, Serghei"]
[Black "Cerbulenco, Liviu"]
[Result "0-1"]
[ECO "A73"]
[WhiteElo "2051"]
[BlackElo "2287"]
[Annotator "NA"]
[PlyCount "77"]
[EventDate "2018.08.05"]
[EventType "swiss"]
[EventCountry "ROU"]
[SourceTitle "playchess.com"]
[Source "ChessBase"]
[SourceQuality "1"]
[TimeControl "40/5400+30:1800+30"]

1. d4 Nf6 2. c4 g6 3. Nc3 Bg7 4. e4 d6 5. Be2 O-O 6. Nf3 c5 7. d5 e6 8. O-O exd5 9. cxd5 Bg4 10. Bf4 a6 11. a4 Bxf3 12. Bxf3 Ne8 13. Qb3 b6 14. Rfe1 Nd7 15. Be2 Qe7 16. Qc2 Nc7 17. Bg3 Rab8 18. f4 Bd4+ 19. Kh1 b5 20. axb5 axb5 21. Bf3 b4 22. Ne2 Bg7 23. Rad1 Rb6 24. b3 Nb5 25. Bg4 Na3 26. Qd3 c4 27. bxc4 Nc5 28. Qf3 Qxe4 29. Bf2 Qxf3 30. Bxf3 b3 31. Bxc5 dxc5 32. Be4 Nxc4 33. Bb1 Nd6 34. Ng3 c4 35. Ne4 c3 36. Nxd6 Rxd6 37. Rd3 Rc8 38. Rc1 c2 39. Rxb3 0-1

[Event "11th Arad Open 2018"]
[Site "Arad"]
[Date "2018.08.08"]
[Round "5"]
[White "Coca, Cristi-Iulian"]
[Black "Pisu, Robert-Daniel"]
[Result "1/2-1/2"]
[ECO "A05"]
[WhiteElo "2024"]
[BlackElo "2282"]
[Annotator "NA"]
[PlyCount "135"]
[EventDate "2018.08.05"]
[EventType "swiss"]
[EventCountry "ROU"]
[SourceTitle "playchess.com"]
[Source "ChessBase"]
[SourceQuality "1"]
[TimeControl "40/5400+30:1800+30"]

1. Nf3 Nf6 2. g3 d5 3. Bg2 c6 4. O-O Bf5 5. d3 h6 6. Nbd2 e6 7. Re1 Be7 8. c4 O-O 9. Qb3 Nbd7 10. d4 Qb6 11. Qxb6 axb6 12. b3 Ne4 13. Nxe4 Bxe4 14. Bb2 Ra7 15. cxd5 exd5 16. Bh3 Nf6 17. a3 Rfa8 18. b4 Bxf3 19. exf3 Bf8 20. Rac1 b5 21. Re3 Ne8 22. Bf1 Nd6 23. Re5 Rd8 24. Rd1 Raa8 25. f4 g6 26. f3 f6 27. Re6 Kf7 28. Rde1 Ne4 29. Bh3 Nd2 30. Kf2 Nc4 31. Bc1 Nxa3 32. f5 g5 33. Bg4 Nc2 34. Rd1 Nxb4 35. f4 Ra2+ 36. Kg1 Na6 37. fxg5 hxg5 38. Rde1 Nc7 39. Bh5+ Kg7 40. R6e3 Bb4 41. Rd1 Rh8 42. g4 Bd6 43. Rde1 Bxh2+ 44. Kf1 Bd6 45. Re7+ Bxe7 46. Rxe7+ Kg8 47. Rxc7 Rxh5 48. gxh5 Ra1 49. Rxb7 Rxc1+ 50. Kf2 Rh1 51. Rc7 Rxh5 52. Rxc6 Rh4 53. Ke3 Rh3+ 54. Kd2 Kf7 55. Rc5 b4 56. Rxd5 b3 57. Rd7+ Ke8 58. Rb7 b2 59. Kc2 Rh2+ 60. Kb1 Rd2 61. Rb6 Rxd4 62. Rxf6 Rb4 63. Rg6 g4 64. Rg7 Kf8 65. f6 Ke8 66. Re7+ Kf8 67. Rg7 Ke8 68. Re7+ 1/2-1/2

[Event "11th Arad Open 2018"]
[Site "Arad"]
[Date "2018.08.08"]
[Round "5"]
[White "Carasca, Bogdan-Petru"]
[Black "Florescu, Codrut-Constantin"]
[Result "1/2-1/2"]
[ECO "A61"]
[WhiteElo "1993"]
[BlackElo "2295"]
[Annotator "NA"]
[PlyCount "44"]
[EventDate "2018.08.05"]
[EventType "swiss"]
[EventCountry "ROU"]
[SourceTitle "playchess.com"]
[Source "ChessBase"]
[SourceQuality "1"]
[TimeControl "40/5400+30:1800+30"]

1. d4 c5 2. d5 d6 3. Nf3 Nf6 4. c4 e6 5. Nc3 exd5 6. cxd5 g6 7. Nd2 Nbd7 8. e4 a6 9. a4 Rb8 10. Be2 Bg7 11. Nc4 Nb6 12. Na3 Qe7 13. O-O O-O 14. Bf4 Rd8 15. a5 Nxe4 16. axb6 Bxc3 17. Qc2 Bd4 18. Bd3 Qf6 19. Bc1 Nxf2 20. Rxf2 Re8 21. Kf1 Qh4 22. Bf4 Bg4 1/2-1/2

[Event "11th Arad Open 2018"]
[Site "Arad"]
[Date "2018.08.09"]
[Round "6"]
[White "Deepan Chakkravarthy J"]
[Black "Toma, Radu-Cristian"]
[Result "1-0"]
[ECO "A05"]
[WhiteElo "2530"]
[BlackElo "2354"]
[Annotator "ChessBase"]
[PlyCount "73"]
[EventDate "2018.08.05"]
[EventType "swiss"]
[EventCountry "ROU"]
[SourceTitle "playchess.com"]
[Source "ChessBase"]
[SourceQuality "1"]
[TimeControl "40/5400+30:1800+30"]

1. Nf3 Nf6 2. g3 g6 3. Bg2 Bg7 4. O-O O-O 5. d3 d5 6. a4 c5 7. Nbd2 Nc6 8. e4 dxe4 9. dxe4 Qb6 10. c3 h6 11. Nc4 Qa6 12. Nfe5 Rd8 13. Qc2 Nxe5 14. Nxe5 Ng4 15. Nxg4 Bxg4 16. Re1 Rac8 17. Be3 b6 18. f4 Qd3 19. Qf2 Qd7 20. a5 e5 21. Qf1 exf4 22. gxf4 b5 23. a6 b4 24. e5 g5 25. fxg5 bxc3 26. bxc3 Bxe5 27. gxh6 Bxc3 28. Rac1 Bd4 29. Bxd4 Qxd4+ 30. Kh1 Be6 31. Re4 Qd2 32. h7+ Kxh7 33. Rxe6 fxe6 34. Qf7+ Kh8 35. Qf6+ Kg8 36. Qxe6+ Kg7 37. Qe7+ 1-0

[Event "11th Arad Open 2018"]
[Site "Arad"]
[Date "2018.08.09"]
[Round "6"]
[White "Georgescu, Tiberiu-Marian"]
[Black "Mastrovasilis, Dimitrios"]
[Result "1/2-1/2"]
[ECO "D12"]
[WhiteElo "2495"]
[BlackElo "2586"]
[Annotator "ChessBase"]
[PlyCount "22"]
[EventDate "2018.08.05"]
[EventType "swiss"]
[EventCountry "ROU"]
[SourceTitle "playchess.com"]
[Source "ChessBase"]
[SourceQuality "1"]
[TimeControl "40/5400+30:1800+30"]

1. d4 d5 2. c4 c6 3. Nf3 Nf6 4. e3 Bf5 5. Nc3 a6 6. Bd3 Bxd3 7. Qxd3 e6 8. O-O Be7 9. e4 O-O 10. Bg5 dxe4 11. Nxe4 Nxe4 1/2-1/2

[Event "11th Arad Open 2018"]
[Site "Arad"]
[Date "2018.08.09"]
[Round "6"]
[White "Stany, G A"]
[Black "Antal, Gergely"]
[Result "1/2-1/2"]
[ECO "B13"]
[WhiteElo "2494"]
[BlackElo "2549"]
[Annotator "ChessBase"]
[PlyCount "40"]
[EventDate "2018.08.05"]
[EventType "swiss"]
[EventCountry "ROU"]
[SourceTitle "playchess.com"]
[Source "ChessBase"]
[SourceQuality "1"]
[TimeControl "40/5400+30:1800+30"]

1. e4 c6 2. d4 d5 3. exd5 cxd5 4. c4 Nf6 5. Nc3 Nc6 6. Nf3 Be6 7. c5 g6 8. Bb5 Bg7 9. Ne5 Qc8 10. Qa4 Bd7 11. O-O O-O 12. Re1 Re8 13. Bg5 Nxe5 14. dxe5 Bxb5 15. Qxb5 Ne4 16. Nxe4 dxe4 17. Bf4 Qf5 18. Bg3 Bxe5 19. Bxe5 Qxe5 20. Qxb7 Rab8 1/2-1/2

[Event "11th Arad Open 2018"]
[Site "Arad"]
[Date "2018.08.09"]
[Round "6"]
[White "Swayams, Mishra"]
[Black "Roubalik, Jakub"]
[Result "1/2-1/2"]
[ECO "A17"]
[WhiteElo "2467"]
[BlackElo "2402"]
[Annotator "RC"]
[PlyCount "73"]
[EventDate "2018.08.05"]
[EventType "swiss"]
[EventCountry "ROU"]
[SourceTitle "playchess.com"]
[Source "ChessBase"]
[SourceQuality "1"]
[TimeControl "40/5400+30:1800+30"]

1. Nf3 Nf6 2. c4 e6 3. Nc3 Bb4 4. Qc2 b6 5. e4 Bxc3 6. dxc3 d6 7. e5 dxe5 8. Nxe5 O-O 9. Bg5 Qd6 10. f4 Bb7 11. Bd3 h6 12. Bh4 Nbd7 13. O-O-O Nxe5 14. Bh7+ Nxh7 15. Rxd6 cxd6 16. fxe5 dxe5 17. Rd1 Rfc8 18. Qe2 Nf8 19. Qxe5 Ng6 20. Qd4 Bxg2 21. Bg3 Bh3 22. Bd6 Bf5 23. b3 Rc6 24. c5 Rac8 25. b4 bxc5 26. Bxc5 e5 27. Qe3 Nf4 28. Kb2 a5 29. a3 axb4 30. axb4 Rg6 31. Rd2 Ra8 32. b5 Be6 33. Ba7 Nd5 34. Qxe5 Rg5 35. Qd4 Nxc3 36. b6 Rc8 37. Qd8+ 1/2-1/2

[Event "11th Arad Open 2018"]
[Site "Arad"]
[Date "2018.08.09"]
[Round "6"]
[White "Secheres, Adrian-Simion"]
[Black "Costachi, Mihnea"]
[Result "1/2-1/2"]
[ECO "D41"]
[WhiteElo "2407"]
[BlackElo "2453"]
[Annotator "ChessBase"]
[PlyCount "43"]
[EventDate "2018.08.05"]
[EventType "swiss"]
[EventCountry "ROU"]
[SourceTitle "playchess.com"]
[Source "ChessBase"]
[SourceQuality "1"]
[TimeControl "40/5400+30:1800+30"]

1. d4 Nf6 2. c4 e6 3. Nf3 d5 4. Nc3 c5 5. cxd5 Nxd5 6. e4 Nxc3 7. bxc3 cxd4 8. cxd4 Bb4+ 9. Bd2 Bxd2+ 10. Qxd2 O-O 11. Bc4 b6 12. O-O Bb7 13. d5 exd5 14. Bxd5 Bxd5 15. exd5 Qd6 16. Ng5 Nd7 17. Rfe1 Nf6 18. Ne4 Nxe4 19. Rxe4 Rfe8 20. Rae1 Rxe4 21. Rxe4 Rd8 22. h3 1/2-1/2

[Event "11th Arad Open 2018"]
[Site "Arad"]
[Date "2018.08.09"]
[Round "6"]
[White "Abramovic, Bosko"]
[Black "Gilea, Lucian"]
[Result "1/2-1/2"]
[ECO "A45"]
[WhiteElo "2400"]
[BlackElo "2279"]
[Annotator "NA"]
[PlyCount "101"]
[EventDate "2018.08.05"]
[EventType "swiss"]
[EventCountry "ROU"]
[SourceTitle "playchess.com"]
[Source "ChessBase"]
[SourceQuality "1"]
[TimeControl "40/5400+30:1800+30"]

1. d4 Nf6 2. g3 c5 3. d5 d6 4. Bg2 g6 5. Nc3 Bg7 6. e4 O-O 7. Nge2 a6 8. a4 e6 9. dxe6 fxe6 10. O-O Nc6 11. h3 Qe7 12. f4 Bd7 13. g4 Rad8 14. Ng3 Ne8 15. g5 Nc7 16. h4 h5 17. Nce2 d5 18. e5 b5 19. c3 Be8 20. Bd2 Rb8 21. axb5 axb5 22. Qc2 Bf7 23. Be3 Rfc8 24. Bf2 Bf8 25. Nc1 c4 26. b4 cxb3 27. Nxb3 Qd8 28. Rfd1 Ra8 29. Rxa8 Rxa8 30. Ne4 Ne8 31. Nf6+ Nxf6 32. gxf6 Bh6 33. Nc5 Kh7 34. Nd3 Ra4 35. Rb1 Qa5 36. Bf1 Bxf4 37. Nxf4 Rxf4 38. Rxb5 Rg4+ 39. Kh1 Qc7 40. Bh3 Nxe5 41. Bxg4 Nxg4 42. Bg1 Qf4 43. Kg2 e5 44. Rb7 Qxf6 45. Qe2 Kg7 46. Qf3 Qe6 47. Be3 Qf5 48. Bg5 Nf6 49. Re7 Qg4+ 50. Qxg4 Nxg4 51. Rb7 1/2-1/2

[Event "11th Arad Open 2018"]
[Site "Arad"]
[Date "2018.08.09"]
[Round "6"]
[White "Stoleriu, George"]
[Black "Carasca, Bogdan-Petru"]
[Result "1-0"]
[ECO "B23"]
[WhiteElo "2392"]
[BlackElo "1993"]
[Annotator "NA"]
[PlyCount "119"]
[EventDate "2018.08.05"]
[EventType "swiss"]
[EventCountry "ROU"]
[SourceTitle "playchess.com"]
[Source "ChessBase"]
[SourceQuality "1"]
[TimeControl "40/5400+30:1800+30"]

1. e4 c5 2. Nc3 e6 3. Nf3 d6 4. d4 cxd4 5. Nxd4 a6 6. f4 Nf6 7. Qf3 Qb6 8. Nb3 Qc7 9. Bd3 Be7 10. Be3 Nbd7 11. O-O O-O 12. a4 b6 13. Rae1 Bb7 14. Qh3 e5 15. fxe5 Nxe5 16. Bd4 Rfe8 17. Nd5 Bxd5 18. exd5 Nxd3 19. Qxd3 Nd7 20. Bxg7 Kxg7 21. Rxf7+ Kxf7 22. Qxh7+ Kf8 23. Rf1+ Nf6 24. Rxf6+ Bxf6 25. Qxc7 Re1+ 26. Kf2 Rae8 27. Qxd6+ Kg7 28. Qg3+ Kh8 29. Qh3+ Kg8 30. Qg4+ Kf8 31. Qb4+ R1e7 32. Nd2 a5 33. Qc4 Bg5 34. Nf3 Be3+ 35. Kf1 Bc5 36. Qf4+ Rf7 37. Qh6+ Ke7 38. Qe6+ Kf8 39. Qg6 Rfe7 40. Qd3 Re3 41. Qd2 R8e4 42. c3 Ke7 43. Nd4 Rf4+ 44. Kg1 Ree4 45. g3 Rf5 46. Qd3 Rfe5 47. Kg2 Kd7 48. Qb5+ Kc8 49. Qa6+ Kd7 50. Qb5+ Kd6 51. Qc6+ Ke7 52. Ne6 Re2+ 53. Kh3 Rh5+ 54. Kg4 Rhxh2 55. Qc7+ Ke8 56. Qd8+ Kf7 57. Ng5+ Kg7 58. d6 Ref2 59. Ne6+ Kf7 60. Qe7+ 1-0

[Event "11th Arad Open 2018"]
[Site "Arad"]
[Date "2018.08.09"]
[Round "6"]
[White "Bogdan, Dan"]
[Black "Ciorgovean, Iustin"]
[Result "1-0"]
[ECO "E63"]
[WhiteElo "2382"]
[BlackElo "2245"]
[Annotator "NA"]
[PlyCount "51"]
[EventDate "2018.08.05"]
[EventType "swiss"]
[EventCountry "ROU"]
[SourceTitle "playchess.com"]
[Source "ChessBase"]
[SourceQuality "1"]
[TimeControl "40/5400+30:1800+30"]

1. c4 Nf6 2. Nf3 g6 3. g3 Bg7 4. Bg2 O-O 5. O-O d6 6. d4 Nc6 7. Nc3 a6 8. h3 Bf5 9. Kh2 Ne4 10. Nd5 Bd7 11. Be3 f5 12. Rc1 Kh8 13. Nc3 Nf6 14. d5 Na5 15. c5 Nc4 16. Bd4 e5 17. dxe6 Bxe6 18. b3 Na5 19. cxd6 Qxd6 20. Na4 Rad8 21. Qc2 Rf7 22. Rfd1 Bd5 23. Bc5 Qc6 24. Ne5 Ng4+ 25. Nxg4 fxg4 26. e4 1-0

[Event "11th Arad Open 2018"]
[Site "Arad"]
[Date "2018.08.09"]
[Round "6"]
[White "Baratosi, Daniel"]
[Black "Weinzettl, Ernst"]
[Result "1/2-1/2"]
[ECO "C16"]
[WhiteElo "2371"]
[BlackElo "2215"]
[Annotator "NA"]
[PlyCount "62"]
[EventDate "2018.08.05"]
[EventType "swiss"]
[EventCountry "ROU"]
[SourceTitle "playchess.com"]
[Source "ChessBase"]
[SourceQuality "1"]
[TimeControl "40/5400+30:1800+30"]

1. e4 e6 2. d4 d5 3. Nc3 Bb4 4. e5 Ne7 5. Qg4 Nf5 6. Nf3 c5 7. dxc5 Bxc3+ 8. bxc3 h5 9. Qf4 Qa5 10. Bd2 Nd7 11. c4 Qa4 12. cxd5 Qxf4 13. Bxf4 exd5 14. Rd1 Nxc5 15. Rxd5 b6 16. Bb5+ Bd7 17. Bxd7+ Nxd7 18. O-O Nc5 19. h3 Rc8 20. Bg5 Ne6 21. Rfd1 O-O 22. g4 hxg4 23. hxg4 Nh6 24. Bxh6 gxh6 25. R1d2 Rc4 26. Nd4 Re8 27. c3 Nc7 28. Rd6 Rxe5 29. Rxh6 Nb5 30. Kg2 Nxd4 31. cxd4 Rd5 1/2-1/2

[Event "11th Arad Open 2018"]
[Site "Arad"]
[Date "2018.08.09"]
[Round "6"]
[White "Abramciuc, Marius"]
[Black "Calin, Alexandru"]
[Result "1-0"]
[ECO "C41"]
[WhiteElo "2357"]
[BlackElo "2215"]
[Annotator "NA"]
[PlyCount "43"]
[EventDate "2018.08.05"]
[EventType "swiss"]
[EventCountry "ROU"]
[SourceTitle "playchess.com"]
[Source "ChessBase"]
[SourceQuality "1"]
[TimeControl "40/5400+30:1800+30"]

1. e4 e5 2. Nf3 d6 3. d4 exd4 4. Nxd4 Nf6 5. Nc3 Be7 6. Bc4 O-O 7. f3 c6 8. a4 d5 9. exd5 cxd5 10. Bb3 Bb4 11. O-O Bxc3 12. bxc3 Qc7 13. Qd3 Nbd7 14. Bg5 a5 15. Rfe1 Qc5 16. Kh1 b6 17. Nf5 Ba6 18. Qd2 Rfe8 19. Be3 Qc6 20. Bd4 Kh8 21. Qg5 g6 22. Bxd5 1-0

[Event "11th Arad Open 2018"]
[Site "Arad"]
[Date "2018.08.09"]
[Round "6"]
[White "Tiba, Vladyslav"]
[Black "Zubcu, Vlad-George"]
[Result "1/2-1/2"]
[ECO "C88"]
[WhiteElo "2356"]
[BlackElo "2202"]
[Annotator "NA"]
[PlyCount "59"]
[EventDate "2018.08.05"]
[EventType "swiss"]
[EventCountry "ROU"]
[SourceTitle "playchess.com"]
[Source "ChessBase"]
[SourceQuality "1"]
[TimeControl "40/5400+30:1800+30"]

1. e4 e5 2. Nf3 Nc6 3. Bb5 a6 4. Ba4 Nf6 5. O-O b5 6. Bb3 Be7 7. Re1 O-O 8. d3 d6 9. Bd2 Bg4 10. c3 Na5 11. Bc2 d5 12. h3 Bxf3 13. Qxf3 dxe4 14. dxe4 Nc4 15. Bc1 c5 16. Bd3 Nb6 17. Nd2 c4 18. Bc2 Ne8 19. Rd1 Qc7 20. Nf1 g6 21. a4 Ng7 22. Bh6 Rfd8 23. Rxd8+ Rxd8 24. a5 Nd7 25. Ne3 Nf6 26. Bg5 Nge8 27. h4 Kg7 28. g3 h6 29. Bxf6+ Nxf6 30. Qe2 1/2-1/2

[Event "11th Arad Open 2018"]
[Site "Arad"]
[Date "2018.08.09"]
[Round "6"]
[White "Balla, Tamas-Kristof"]
[Black "Scripcaru, George-Daniel"]
[Result "1-0"]
[ECO "A11"]
[WhiteElo "2352"]
[BlackElo "2177"]
[Annotator "NA"]
[PlyCount "93"]
[EventDate "2018.08.05"]
[EventType "swiss"]
[EventCountry "ROU"]
[SourceTitle "playchess.com"]
[Source "ChessBase"]
[SourceQuality "1"]
[TimeControl "40/5400+30:1800+30"]

1. c4 c6 2. Nf3 d5 3. g3 Nf6 4. Bg2 Nbd7 5. O-O e5 6. cxd5 cxd5 7. d4 e4 8. Ne1 Bd6 9. Nc3 O-O 10. Bd2 Nb6 11. Nb5 Bb8 12. Bb4 Re8 13. Rc1 Bd7 14. Nc3 Bc7 15. b3 Rc8 16. a4 h5 17. Nc2 a6 18. Ne3 Be6 19. Qd2 h4 20. Rc2 Nbd7 21. Rfc1 Nf8 22. a5 Bb8 23. Na4 Rxc2 24. Rxc2 N8h7 25. Ba3 Nd7 26. Qb4 Qg5 27. Bc1 hxg3 28. hxg3 Qh5 29. Qxb7 Ndf6 30. Nc5 Bh3 31. Bh1 Ng5 32. Nxa6 Bd6 33. Nc7 Bc8 34. Qc6 Nh3+ 35. Kf1 Bxc7 36. Qxc7 Nxf2 37. Bg2 N2g4 38. Qf4 Ba6 39. Nxg4 Nxg4 40. Qg5 Qxg5 41. Bxg5 Rb8 42. Bh3 f5 43. Rc6 Bb5 44. Rd6 Ra8 45. Bxg4 fxg4 46. Rxd5 Rxa5 47. Kf2 1-0

[Event "11th Arad Open 2018"]
[Site "Arad"]
[Date "2018.08.09"]
[Round "6"]
[White "Ileana, George"]
[Black "Visanescu, Daria-Ioana"]
[Result "1/2-1/2"]
[ECO "B41"]
[WhiteElo "2324"]
[BlackElo "2075"]
[Annotator "NA"]
[PlyCount "91"]
[EventDate "2018.08.05"]
[EventType "swiss"]
[EventCountry "ROU"]
[SourceTitle "playchess.com"]
[Source "ChessBase"]
[SourceQuality "1"]
[TimeControl "40/5400+30:1800+30"]

1. e4 c5 2. Nf3 e6 3. d4 cxd4 4. Nxd4 a6 5. c4 Nf6 6. Nc3 Bb4 7. Qd3 d5 8. exd5 exd5 9. Be2 O-O 10. O-O Bxc3 11. Qxc3 Ne4 12. Qc2 Re8 13. Be3 Nc6 14. Rad1 Qd6 15. Nxc6 bxc6 16. Bf3 Bf5 17. Qa4 Nf6 18. cxd5 cxd5 19. Rd4 Be4 20. Bxe4 Rxe4 21. h3 h6 22. Rfd1 Qe6 23. Qb3 Qf5 24. Rxe4 Qxe4 25. Qd3 Qe6 26. b4 Rd8 27. Qd4 Rc8 28. a4 Rc4 29. Qb2 Qd6 30. Rd4 Qc7 31. b5 Rc2 32. Qb1 axb5 33. axb5 Qc3 34. Rb4 Ne4 35. b6 Nd2 36. Bxd2 Qxd2 37. Kh2 Qxf2 38. Qg1 Qxg1+ 39. Kxg1 Rc8 40. b7 Rb8 41. Kf2 Kf8 42. Ke3 Ke7 43. Kd4 Kd6 44. Rb2 Kc6 45. Rc2+ Kd6 46. Rb2 1/2-1/2

[Event "11th Arad Open 2018"]
[Site "Arad"]
[Date "2018.08.09"]
[Round "6"]
[White "Yordanov, Lachezar"]
[Black "Nicora, Cristi"]
[Result "1/2-1/2"]
[ECO "A01"]
[WhiteElo "2314"]
[BlackElo "2158"]
[Annotator "NA"]
[PlyCount "120"]
[EventDate "2018.08.05"]
[EventType "swiss"]
[EventCountry "ROU"]
[SourceTitle "playchess.com"]
[Source "ChessBase"]
[SourceQuality "1"]
[TimeControl "40/5400+30:1800+30"]

1. b3 d5 2. Bb2 e6 3. e3 Nf6 4. Nf3 Bd6 5. d4 O-O 6. Bd3 Nbd7 7. O-O b6 8. c4 Bb7 9. Nbd2 Rc8 10. Qe2 Re8 11. e4 dxe4 12. Nxe4 Nxe4 13. Bxe4 Bxe4 14. Qxe4 f5 15. Qe3 c5 16. Rad1 Qc7 17. dxc5 Nxc5 18. Be5 Bxe5 19. Qxe5 Qe7 20. Nd4 Ne4 21. f3 Rc5 22. Qxe6+ Qxe6 23. Nxe6 Rxe6 24. fxe4 Rxe4 25. Rd7 Ra5 26. a4 Re2 27. Rfd1 Kf8 28. R1d5 Rxd5 29. Rxd5 g6 30. a5 Ke7 31. axb6 axb6 32. Rb5 Re6 33. Kf2 Kd7 34. Rd5+ Kc6 35. b4 Re4 36. b5+ Kc7 37. c5 bxc5 38. Rxc5+ Kb6 39. Rd5 Rb4 40. h3 Rxb5 41. Rd7 Kc5 42. Rxh7 Kd4 43. Rg7 Rb6 44. Re7 Kd5 45. Kf3 Kd6 46. Re2 g5 47. Re8 Rb3+ 48. Kf2 f4 49. Re4 Kd5 50. Re7 Kd6 51. Re8 Rb2+ 52. Kf3 Rb3+ 53. Kf2 Rb2+ 54. Kg1 Rb3 55. Kf2 Rb2+ 56. Re2 Rb3 57. Re4 Rb2+ 58. Kg1 Kd5 59. Re8 Rb1+ 60. Kf2 Rb2+ 1/2-1/2

[Event "11th Arad Open 2018"]
[Site "Arad"]
[Date "2018.08.09"]
[Round "6"]
[White "Trifan, Andrei Ioan"]
[Black "Dumitru, Matei-Ioan"]
[Result "1-0"]
[ECO "B10"]
[WhiteElo "2308"]
[BlackElo "2150"]
[Annotator "NA"]
[PlyCount "109"]
[EventDate "2018.08.05"]
[EventType "swiss"]
[EventCountry "ROU"]
[SourceTitle "playchess.com"]
[Source "ChessBase"]
[SourceQuality "1"]
[TimeControl "40/5400+30:1800+30"]

1. e4 c6 2. c4 d5 3. exd5 cxd5 4. cxd5 Nf6 5. Nc3 Nxd5 6. Nf3 g6 7. Bb5+ Bd7 8. Bc4 Nb6 9. Bb3 Bg7 10. O-O O-O 11. d4 Nc6 12. d5 Na5 13. Bg5 Nxb3 14. axb3 h6 15. Be3 Re8 16. Qd2 Kh7 17. h3 Nc8 18. Rfd1 a6 19. Na4 Bxa4 20. bxa4 Nd6 21. Qb4 Rc8 22. Rac1 Rxc1 23. Rxc1 Qd7 24. Bc5 Nf5 25. Rd1 Rc8 26. g4 Qc7 27. Bb6 Qc2 28. Rd2 Qc1+ 29. Kg2 Rc4 30. Qb3 Nd6 31. Re2 Re4 32. Rxe4 Nxe4 33. Qb4 Ng5 34. Be3 Qxb2 35. Nxg5+ hxg5 36. Qxe7 Qe5 37. Qxf7 Qe4+ 38. Qf3 Qxa4 39. Bxg5 Qd7 40. Qe4 b5 41. Bd2 Bf8 42. h4 Qe7 43. Qf4 b4 44. h5 gxh5 45. Qf5+ Kg8 46. gxh5 Qf7 47. Qg4+ Qg7 48. Qxg7+ Kxg7 49. Kf3 a5 50. Ke4 a4 51. Kd3 Bc5 52. Kc4 a3 53. Kxc5 b3 54. d6 Kf7 55. d7 1-0